 Dungeon Crawl Stone Soup version 0.25.1-8-g42b30a86e7 (webtiles) character file.

Game seed: 6479485648715928402

1157 Azimut41r the Covert (level 8, -2/48 HPs)
             Began as a Kobold Assassin on Dec 20, 2020.
             Was an Initiate of Okawaru.
             Slain by a worker ant (6 damage)
             ... on level 3 of the Dungeon.
             The game lasted 00:22:53 (5892 turns).

Azimut41r the Covert (Kobold Assassin)              Turns: 5892, Time: 00:22:54

Health: -2/48      AC:  9    Str:  8      XL:     8   Next: 66%
Magic:  11/11      EV: 16    Int: 13      God:    Okawaru [......]
Gold:   215        SH:  0    Dex: 16 (18) Spells: 7/7 levels left

rFire    . . .     SeeInvis .   a - +2 dagger
rCold    . . .     Gourm    .   (shield restricted)
rNeg     . . .     Faith    .   i - +0 leather armour
rPois    .         Spirit   .   (no helmet)
rElec    .         Reflect  .   c - +0 cloak
rCorr    .         Harm     .   t - +1 pair of gloves
MR       .....                  o - +2 pair of boots
Stlth    ++++......             (no amulet)
HPRegen  0.16/turn              (no ring)
MPRegen  0.12/turn              (no ring)

@: no status effects
A: small, carnivore
a: Renounce Religion


You were on level 3 of the Dungeon.
You worshipped Okawaru.
Okawaru was noncommittal.
You were full.

You visited 1 branch of the dungeon, and saw 5 of its levels.

You collected 215 gold pieces.

Inventory:

Hand Weapons
 a - a +2 dagger (weapon)
 p - a +0 hand axe
Missiles
 d - 47 poisoned darts (quivered)
 e - 2 curare-tipped darts
 n - 25 bolts
 y - 4 javelins
 B - 5 silver boomerangs
Armour
 b - a +0 robe
 c - a +0 cloak (worn)
 g - a +2 robe of magic resistance
 i - a +0 leather armour (worn)
 m - a +0 pair of gloves
 o - a +2 pair of boots (worn)
 r - a +0 pair of boots
 t - a +1 pair of gloves (worn)
Wands
 k - a wand of iceblast (12)
Scrolls
 j - a scroll of remove curse
 u - a scroll of identify
 x - 2 scrolls of noise
 z - a scroll of teleportation
 A - 2 scrolls of blinking
Potions
 h - 4 potions of brilliance
 l - a potion of invisibility {unknown}
 q - 3 potions of curing
 s - 2 potions of cancellation
 v - 4 potions of flight
 w - a potion of heal wounds {unknown}
 C - 2 potions of might
 D - a potion of lignification {unknown}
 E - a potion of berserk rage {unknown}
Comestibles
 f - 11 rations


   Skills:
 + Level 4.4 Fighting
 + Level 5.9 Short Blades
 + Level 4.5 Throwing
 + Level 4.4 Dodging
 + Level 8.8 Stealth
 + Level 4.0 Evocations


You had 7 spell levels left.
You didn't know any spells.
Your spell library was empty.

Dungeon Overview and Level Annotations

Branches:
Dungeon (5/15)
 Temple: D:4-7

Altars:
Kikubaaqudgha
Nemelex Xobeh
Okawaru


Innate Abilities, Weirdness & Mutations

You are small and have problems with some larger weapons.
You are carnivorous and can eat meat at any time.


Message History

You hit the worker ant but do no damage.
The worker ant is moderately wounded.
The worker ant misses you.
You hit the worker ant.
The worker ant is moderately wounded.
The worker ant barely misses you.
You hit the worker ant but do no damage.
The worker ant is moderately wounded.
The worker ant bites you!
* * * LOW HITPOINT WARNING * * *
The worker ant closely misses you. The worker ant bites you.
* * * LOW HITPOINT WARNING * * *
Throwing (i - inventory. (/) - cycle)
d - 48 poisoned darts (quivered)
Press: ? - help, Shift-Dir - straight line, f - worker ant
Aim: a worker ant (moderately wounded)
You throw a poisoned dart.
The poisoned dart closely misses the worker ant.
The worker ant bites you.
You die...

#....# #.......#...# ###....(...
....>####.######.##.# #......#..#
#................##.# #.#.###.#.#
##.#.####.###.##.##.# #....##...#
##.#.####.###.##.##.# #.#[..#.###
...#..............#.# #..#.##.#
#########.###.......###.#..##.###
#.# #.#...#.....##.##....
#.###.#.@a#.######.##....
#.#............###.##..##
#.#.#.#............>...#
#.#.#.##)#..##.###.##.##
#........<..##.##...#.#
###.#.##.#.##.......>.### ##
#####.#.................... .#
#......................#### .#
#.###.########.#.##........


You could see a worker ant.

Vanquished Creatures
  Pikel (D:4)
  Menkaure (D:4)
  A phantom (D:4)
  A slave (D:4)
  2 ogres (D:4)
  A scorpion (D:4)
  A quasit (D:4)
  A hound (D:4)
  2 orc priests
  Robin (D:4)
  A gnoll (D:4)
  3 adders
  An ooze (D:2)
  2 worms (D:2)
  5 dart slugs
  A leopard gecko (D:3)
  9 orcs
  7 giant cockroaches
  15 goblins
  13 hobgoblins
  6 jackals
  2 quokkas
  2 ball pythons
  6 bats
  3 frilled lizards (D:1)
  8 kobolds
  13 rats
  2 rat zombies (D:4)
111 creatures vanquished.

Vanquished Creatures (others)
  An orc wizard (D:4)
1 creature vanquished.

Grand Total: 112 creatures vanquished

Notes
Turn   | Place    | Note
-------+----------+-------------------------------------------
     0 | D:1      | Azimut41r the Kobold Assassin began the quest for the Orb.
     0 | D:1      | Reached XP level 1. HP: 12/12 MP: 1/1
    99 | D:1      | Reached XP level 2. HP: 17/17 MP: 2/2
   217 | D:1      | Reached skill level 6 in Stealth
   449 | D:1      | Reached XP level 3. HP: 21/21 MP: 3/3
  1023 | D:1      | Reached XP level 4. HP: 27/27 MP: 4/4
  1333 | D:2      | Reached skill level 7 in Stealth
  1876 | D:2      | Found a sparkling altar of Nemelex Xobeh.
  2271 | D:2      | Reached XP level 5. HP: 31/31 MP: 5/5
  2836 | D:3      | Reached skill level 1 in Evocations
  3513 | D:4      | Found an ancient bone altar of Kikubaaqudgha.
  3725 | D:4      | Reached XP level 6. HP: 35/36 MP: 7/7
  3774 | D:4      | Noticed Pikel
  3774 | D:4      | Noticed a slave
  3775 | D:4      | Noticed a slave
  3776 | D:4      | Noticed a slave
  3776 | D:4      | Noticed a slave
  3808 | D:4      | Killed a slave
  3847 | D:4      | Killed Pikel
  3847 | D:4      | Reached skill level 5 in Short Blades
  3847 | D:4      | Reached skill level 8 in Stealth
  3847 | D:4      | Reached XP level 7. HP: 15/42 MP: 7/9
  4103 | D:4      | Reached XP level 8. HP: 48/48 MP: 10/10
  4395 | D:4      | Noticed Menkaure
  4401 | D:4      | Killed Menkaure
  4483 | D:4      | Noticed Robin
  4530 | D:4      | Killed Robin
  4625 | D:4      | Found an iron altar of Okawaru.
  5654 | D:4      | Became a worshipper of Warmaster Okawaru
  5686 | D:5      | Entered Level 5 of the Dungeon
  5892 | D:3      | Slain by a worker ant

Illustrated notes

Levels and vault maps discovered:
D:1:      dpeg_arrival_long_road, layout_loops_ring, minmay_parallelograms,
          minmay_rat_gold_closets
D:2:      layout_basic, lemuel_coloured_pillars_altar, corexii_shack,
          chequers_hall_statues_wall_a
D:3:      layout_loops_ring, first_ration, kennysheep_generic_room_7
D:4:      minmay_clustersquares, layout_loops_cross,
          lemuel_zombie_altar_kikubaaqudgha, kennysheep_mini_moat,
          hangedman_decor_diamond_cutter, uniq_pikel, uniq_robin, uniq_menkaure
D:5:      layout_basic

Skill      XL: |  1  2  3  4  5  6  7  8 |
---------------+-------------------------+-----
Stealth        | 6 7 8 |  8.8
Short Blades   | 3 4 5 |  5.9
Dodging        | 2 3 4 |  4.4
Evocations     | 1 2 3 4 |  4.0
Fighting       | 3 4 |  4.4
Throwing       | 3 4 |  4.5

Action                   |  1- 3 |  4- 6 |  7- 9 || total
-------------------------+-------+-------+-------++-------
Melee: Dagger            |   122 |   226 |   284 ||   632
Throw: Dart              |       |    25 |    24 ||    49
Evoke: Wand              |       |       |     1 ||     1
  Use: Scroll            |       |     8 |     4 ||    12
       Potion            |       |       |     1 ||     1
 Stab: Sleeping          |    14 |    12 |     2 ||    28
  Eat: Chunk             |     9 |     9 |     4 ||    22
Armor: Robe              |    15 |    12 |       ||    27
       Leather armour    |       |    31 |    81 ||   112
Dodge: Dodged            |    70 |   149 |   217 ||   436
